 Dungeon Crawl Stone Soup version 0.22.0 (webtiles) character file.

3530 Matezma the Grappler (level 9, -8/81 HPs)
             Began as a Troll Berserker on Nov 30, 2018.
             Was an Elder of Trog.
             Mangled by an enchanted long sword (20 damage)
             ... on level 13 of the Dungeon.
             The game lasted 00:26:10 (5766 turns).

Matezma the Grappler (Troll Berserker)              Turns: 5766, Time: 00:26:10

Health: -8/81      AC:  5    Str: 27    XL:     9   Next: 82%
Magic:  8/8        EV: 11    Int:  3    God:    Trog [****..]
Gold:   542        SH:  0    Dex: 12    Spells: 8/8 levels left

rFire    . . .     SeeInvis .     - Unarmed
rCold    + . .     Gourm    +   (no shield)
rNeg     . . .     Faith    .   a - +0 animal skin
rPois    .         Spirit   .   (helmet restricted)
rElec    .         Reflect  .   (no cloak)
rCorr    .         Harm     .   (gloves unavailable)
MR       .....                  (boots unavailable)
Stlth    +.........             (no amulet)
HPRegen  0.63/turn              f - ring of protection from cold
MPRegen  0.11/turn              (no ring)

@: no status effects
A: large, unfitting armour, claws 3, fast metabolism 3, gourmand, regeneration
1, shaggy fur 1, tough skin 2
a: Berserk, Trog's Hand, Brothers in Arms, Renounce Religion


You were on level 13 of the Dungeon.
You worshipped Trog.
Trog was greatly pleased with you.
You were completely stuffed.

You visited 1 branch of the dungeon, and saw 10 of its levels.

You collected 542 gold pieces.

Inventory:

Missiles
 d - 236 stones (quivered)
Armour
 a - a +0 animal skin (worn)
Jewellery
 f - a ring of protection from cold (left claw)
Wands
 j - a wand of paralysis (12)
Scrolls
 c - 2 scrolls of identify
 g - a scroll of enchant weapon {unknown}
 k - a scroll of torment {unknown}
 o - 4 scrolls of teleportation
 q - 2 scrolls of immolation
 r - a scroll of fear {unknown}
 s - 2 scrolls of blinking {unknown}
 t - a scroll of fog {unknown}
 w - 2 scrolls of random uselessness {unknown}
Potions
 e - 4 potions of curing
 h - a potion of mutation {unknown}
 i - 3 potions of lignification
 l - a potion of haste {unknown}
 m - a potion of flight {unknown}
 n - a potion of brilliance {unknown}
 p - a potion of heal wounds {unknown}
 u - a potion of agility {unknown}
Comestibles
 b - 7 rations
 v - 7 chunks of flesh


   Skills:
 - Level 3.0 Fighting
 - Level 3.0 Dodging
 * Level 13.5 Unarmed Combat


You had 8 spell levels left.
You didn't know any spells.
Your spell library was empty.

Dungeon Overview and Level Annotations

Branches:
Dungeon (11/15)            Temple (0/1) D:7
   Lair: D:8-11         Orc: D:9-12

Altars:
Nemelex Xobeh
Xom

Shops:
D:5 (

Annotations:
D:3 2 transporters, enarc13's ghost, amateur TrCj
D:5 2 transporters


Innate Abilities, Weirdness & Mutations

You are too large for most types of armour.
You have claws for hands.
Your metabolism is lightning-fast.
You like to eat raw meat.
Your natural rate of healing is unusually fast.
You are covered in fur. (AC +1)
You have very tough skin. (AC +2)


Message History

An enchanted long sword comes into view.
An enchanted long sword is nearby!
Found a scale mail.
The enchanted long sword hits you! The enchanted long sword hits you!
Found a scroll of immolation.
The enchanted long sword hits you. The enchanted long sword hits you.
The enchanted long sword hits you!
You mangle the enchanted long sword!!
The enchanted long sword falls from the air.
Trog accepts your kill.
Your Unarmed Combat skill increases to level 13!
You see here an enchanted long sword.
An enchanted long sword comes into view.
You closely miss the enchanted long sword.
The enchanted long sword hits you! The enchanted long sword hits you!!
* * * LOW HITPOINT WARNING * * *
You miss the enchanted long sword. The enchanted long sword hits you!!
You die...

#......#
#.####.#
#.####.#
#####......#
...........#
##.....##.#
#.....##.####
###.....##.....
.......@(..####
#######........
#........
#........
#........
##)..#.#..
#...##.##.
#...[# # #...##


You could see an enchanted long sword.

Vanquished Creatures
  A dancing weapon (D:13)
  Pikel (D:4)
  Grinder (D:5)
  Prince Ribbit (D:6)
  A wraith (D:5)
  A water moccasin (D:4)
  An ice beast (D:8)
  A sky beast (D:5)
  2 orc warriors
  A slave (D:4)
  An ogre (D:5)
  A big kobold (D:11)
  2 bullfrogs (D:7)
  A wyvern skeleton (D:8)
  A scorpion (D:6)
  A howler monkey (D:4)
  A crimson imp (D:6)
  A jelly (D:7)
  2 hounds
  3 orc priests
  14 orc wizards
  Jessica (D:2)
  2 worker ants (D:5)
  A killer bee zombie (D:6)
  A hound zombie (D:6)
  A worker ant zombie (D:11)
  4 gnolls (D:4)
  A howler monkey skeleton (D:7)
  7 adders
  2 oozes
  An adder zombie (D:2)
  An adder skeleton (D:4)
  2 worms (D:2)
  2 dart slugs
  7 leopard geckos
  14 orcs
  3 bats
  A bat skeleton (D:2)
  A bat zombie (D:2)
  4 giant cockroaches
  2 goblins (D:2)
  4 hobgoblins
  8 jackals
  18 kobolds
  4 quokkas
  3 ball pythons (D:5)
  4 frilled lizards
  2 jackal skeletons
  A jackal zombie (D:6)
  2 rats
143 creatures vanquished.

Vanquished Creatures (others)
  An ogre (D:4)
  A bullfrog (D:6)
  A scorpion (D:4)
  2 orcs (D:4)
5 creatures vanquished.

Grand Total: 148 creatures vanquished

Notes
Turn   | Place    | Note
-------+----------+-------------------------------------------
     0 | D:1      | Matezma the Troll Berserker began the quest for the Orb.
     0 | D:1      | Reached XP level 1. HP: 22/22 MP: 0/0
   162 | D:1      | Reached XP level 2. HP: 28/29 MP: 1/1
   541 | D:2      | Reached XP level 3. HP: 36/36 MP: 2/2
   668 | D:2      | Reached ** piety under Trog
   818 | D:2      | Noticed Jessica
   825 | D:2      | Killed Jessica
   825 | D:2      | Reached skill level 4 in Unarmed Combat
   825 | D:2      | Reached XP level 4. HP: 45/45 MP: 3/3
   972 | D:3      | Noticed a phantom
   978 | D:3      | Found a transporter.
   978 | D:3      | Noticed enarc13's ghost (amateur TrCj)
   986 | D:3      | Found a transporter.
  1438 | D:3      | Found a sparkling altar of Nemelex Xobeh.
  1813 | D:4      | Reached skill level 5 in Unarmed Combat
  1813 | D:4      | Reached XP level 5. HP: 53/53 MP: 4/4
  1822 | D:4      | Noticed a slave
  1822 | D:4      | Noticed a slave
  1823 | D:4      | Noticed Pikel
  1826 | D:4      | Noticed a slave
  1829 | D:4      | Noticed a slave
  1830 | D:4      | Killed a slave
  1838 | D:4      | Killed Pikel
  1838 | D:4      | Reached skill level 7 in Unarmed Combat
  1838 | D:4      | Reached XP level 6. HP: 53/61 MP: 5/5
  1838 | D:4      | Reached XP level 7. HP: 58/67 MP: 6/6
  1907 | D:4      | Reached skill level 8 in Unarmed Combat
  2389 | D:4      | Reached *** piety under Trog
  2629 | D:5      | Entered Level 5 of the Dungeon
  2629 | D:5      | Noticed a wraith
  2636 | D:5      | Killed a wraith
  2636 | D:5      | Reached skill level 9 in Unarmed Combat
  2638 | D:5      | Reached XP level 8. HP: 62/75 MP: 7/7
  2645 | D:5      | Noticed Grinder
  2753 | D:5      | Killed Grinder
  2753 | D:5      | Reached skill level 10 in Unarmed Combat
  2764 | D:5      | Found a glowing drain.
  2831 | D:5      | Found a transporter.
  3176 | D:5      | Found Tengeinu's Weapon Shop.
  3196 | D:5      | Found a transporter.
  3431 | D:6      | Reached skill level 11 in Unarmed Combat
  3586 | D:6      | Noticed Prince Ribbit
  3593 | D:6      | Killed Prince Ribbit
  4464 | D:7      | Reached XP level 9. HP: 74/81 MP: 8/8
  4501 | D:7      | Reached **** piety under Trog
  4700 | D:7      | Found a shimmering altar of Xom.
  4847 | D:7      | Reached skill level 12 in Unarmed Combat
  4957 | D:7      | Found a staircase to the Ecumenical Temple.
  5479 | D:8      | You fall through a shaft for 3 floors!
  5735 | D:11     | You fall through a shaft for 2 floors!
  5750 | D:13     | Noticed an enchanted long sword
  5758 | D:13     | Killed an enchanted long sword
  5758 | D:13     | Reached skill level 13 in Unarmed Combat
  5760 | D:13     | Noticed an enchanted long sword
  5766 | D:13     | Mangled by an enchanted long sword

Skill      XL: |  1  2  3  4  5  6  7  8  9 |
---------------+----------------------------+-----
Fighting       | 3 |  3.0
Dodging        | 3 |  3.0
Unarmed Combat | 4 5 7 9 11 13 | 13.5

Action                   |  1- 3 |  4- 6 |  7- 9 || total
-------------------------+-------+-------+-------++-------
Melee: Unarmed           |    82 |    52 |   271 ||   405
       Punch             |     1 |     2 |     9 ||    12
Invok: Berserk           |       |       |     1 ||     1
  Use: Scroll            |       |     3 |     7 ||    10
 Stab: Sleeping          |     1 |       |     2 ||     3
  Eat: Chunk             |    13 |     8 |    38 ||    59
Armor: Animal skin       |    30 |    20 |    82 ||   132
Dodge: Dodged            |    60 |    30 |   126 ||   216
